 Dungeon Crawl Stone Soup version 0.22.0-5-gf09313c8f9 (webtiles) character file.

444 Peloso the Shield-Bearer (level 6, -3/53 HPs)
             Began as a Minotaur Fighter on Aug 14, 2018.
             Slain by an ogre
             ... wielding a +0 giant spiked club
              (8 damage)
             ... on level 4 of the Dungeon.
             The game lasted 00:07:41 (2230 turns).

Peloso the Shield-Bearer (Minotaur Fighter)         Turns: 2230, Time: 00:07:42

Health: -3/53      AC: 12    Str: 21    XL:     6   Next: 72%
Magic:  5/5        EV:  5    Int:  5    God:
Gold:   181        SH: 10    Dex: 11    Spells: 5/5 levels left

rFire    . . .     SeeInvis .   a - +0 long sword
rCold    . . .     Gourm    .   c - +0 shield
rNeg     . . .     Faith    .   b - +0 plate armour
rPois    .         Spirit   .   (helmet restricted)
rElec    .         Reflect  .   (no cloak)
rCorr    .         Harm     .   (no gloves)
MR       .....                  (no boots)
Stlth    ..........             (no amulet)
HPRegen  0.17/turn              d - ring of attention (curse)
MPRegen  0.09/turn              i - ring of wizardry

@: no status effects
A: retaliatory headbutt, horns 2
a: no special abilities


You were on level 4 of the Dungeon.
You were hungry.

You visited 1 branch of the dungeon, and saw 6 of its levels.

You collected 181 gold pieces.

Inventory:

Hand Weapons
 a - a +0 long sword (weapon)
 m - a +2 short sword of venom
Armour
 b - a +0 plate armour (worn)
 c - a +0 shield (worn)
Jewellery
 d - a cursed ring of attention (left hand)
 e - an uncursed ring of flight
 i - a ring of wizardry (right hand)
Scrolls
 o - 2 scrolls of enchant armour {unknown}
 p - a scroll of identify
 q - a scroll of teleportation
Potions
 g - 2 potions of curing
 h - a potion of haste
 j - a potion of magic
 k - a potion of brilliance
 l - a potion of berserk rage {unknown}
 n - a potion of invisibility
Comestibles
 f - 3 rations


   Skills:
 + Level 4.7 Fighting
 + Level 4.7 Long Blades
 + Level 5.1 Armour
 + Level 1.8 Dodging
 + Level 0.4 Stealth
 + Level 6.0 Shields


You had 5 spell levels left.
You didn't know any spells.
Your spell library was empty.

Dungeon Overview and Level Annotations

Branches:
Dungeon (6/15)
 Temple: D:4-7

Altars:
The Shining One

Annotations:
D:4 2 transporters


Innate Abilities, Weirdness & Mutations

You reflexively headbutt those who attack you in melee.
You have a pair of horns on your head.


Message History

The ogre is moderately wounded.
You block the ogre's attack.
You hit the ogre.
The ogre is heavily wounded.
Your plate armour prevents you from hitting the ogre.
You headbutt the ogre, but do no damage.
The ogre is heavily wounded.
The ogre hits you with a giant spiked club!!
You hit the ogre.
The ogre is heavily wounded.
The ogre hits you with a giant spiked club!!
* * * LOW HITPOINT WARNING * * *
You slash the ogre!
The ogre is almost dead.
The ogre hits you with a giant spiked club!
* * * LOW HITPOINT WARNING * * *
Your shield and plate armour prevent you from hitting the ogre.
The ogre is almost dead.
The ogre hits you with a giant spiked club!
You die...

######.# ..#....#
#).....## ## #. #
##.......# #.
#.##.###.........
#. #.#
......?...... #.
#.#####...O......
#.
#.##.....@......#
#.
#.#..##+##.....##
#. #...## #...##
#. ##..## #..##
#. #..## #..#
#######. #..#
#..###........
#.##
#.....######. #.#
### ### #....# #.
#.# #.## ##.#
#.##.#######.


You could see an ogre.

Vanquished Creatures
  Sigmund (D:2)
  A howler monkey (D:4)
  A hound (D:4)
  A centaur skeleton (D:4)
  2 orc wizards (D:4)
  5 adders
  5 worms
  3 leopard geckos
  3 orcs (D:4)
  9 bats
  7 giant cockroaches
  3 goblins
  10 hobgoblins
  9 jackals
  6 kobolds
  5 quokkas
  8 frilled lizards
  8 rats
87 creatures vanquished.

Notes
Turn   | Place    | Note
-------+----------+-------------------------------------------
     0 | D:1      | Peloso the Minotaur Fighter began the quest for the Orb.
     0 | D:1      | Reached XP level 1. HP: 19/19 MP: 0/0
    58 | D:1      | Reached XP level 2. HP: 27/27 MP: 1/1
    73 | D:1      | Reached skill level 4 in Shields
   379 | D:1      | Reached XP level 3. HP: 33/33 MP: 2/2
   550 | D:1      | Found a glowing golden altar of the Shining One.
   739 | D:2      | Noticed Sigmund
   742 | D:2      | Killed Sigmund
   742 | D:2      | Reached skill level 1 in Dodging
   742 | D:2      | Reached skill level 5 in Shields
   742 | D:2      | Reached XP level 4. HP: 38/41 MP: 3/3
   742 | D:2      | Reached XP level 5. HP: 44/47 MP: 4/4
  1374 | D:3      | Found a faded altar of an unknown god.
  1594 | D:3      | You fall through a shaft for 3 floors!
  1607 | D:5      | Entered Level 5 of the Dungeon
  1611 | D:5      | Reached XP level 6. HP: 53/53 MP: 5/5
  1696 | D:4      | Reached skill level 5 in Armour
  1741 | D:4      | Reached skill level 6 in Shields
  1844 | D:4      | Found a transporter.
  1869 | D:4      | Found a transporter.
  2230 | D:4      | Slain by an ogre

Skill      XL: |  1  2  3  4  5  6 |
---------------+-------------------+-----
Shields        | 4 5 6 |  6.0
Fighting       | 4 |  4.7
Long Blades    | 3 4 |  4.7
Armour         | 4 5 |  5.1
Dodging        | 1 |  1.8
Stealth        | |  0.4

Action                   |  1- 3 |  4- 6 || total
-------------------------+-------+-------++-------
Melee: Long sword        |    83 |   174 ||   257
       Headbutt          |    15 |    26 ||    41
  Use: Potion            |     1 |     1 ||     2
       Scroll            |       |     8 ||     8
  Eat: Chunk             |       |     4 ||     4
Armor: Scale mail        |    33 |    54 ||    87
       Chain mail        |       |     2 ||     2
       Plate armour      |       |    64 ||    64
Dodge: Dodged            |    22 |    48 ||    70
Block: Shield            |    59 |   105 ||   164
       Rpst.: Long sword |     6 |    16 ||    22
